| TOP OF THE 1ST |
|
Clemson University Tigers batting - Pitching for Washington State University Cougars : RHP Briruc Fenuku
|
|
Pitching: RHP Briruc Fenuku
|
|
|
Batting: LHB Steve Gates
|
0-0: Ball 1-0: Foul Ball, location: 2F 1-1: Fly out, F9 (Flyball, 9LS, EV 73.1 MPH)
|
|
Batting: LHB Wade Girard
|
0-0: Fly out, F5 (Popup, 56, EV 63.1 MPH)
|
|
Batting: RHB Josh LeSage
|
0-0: Fly out, F9 (Flyball, 9S, EV 90.0 MPH)
|
| Top of the 1st over - 0 runs, 0 hits, 0 errors, 0 left on base; Clemson University 0 - Washington State University 0 |
| BOTTOM OF THE 1ST |
|
Washington State University Cougars batting - Pitching for Clemson University Tigers : LHP Oliver Troiano
|
|
Pitching: LHP Oliver Troiano
|
|
|
Batting: RHB Rafael Collyer
|
0-0: Fly out, F9 (Flyball, 89M, EV 96.2 MPH)
|
|
Batting: LHB Israel Ariza
|
0-0: Called Strike 0-1: Called Strike 0-2: Ball 1-2: Strikes out swinging
|
|
Batting: SHB Juan Delanoval
|
0-0: Ball 1-0: Called Strike 1-1: Ground out 4-3 (Groundball, 34, EV 79.4 MPH)
|
| Bottom of the 1st over - 0 runs, 0 hits, 0 errors, 0 left on base; Clemson University 0 - Washington State University 0 |
| TOP OF THE 2ND |
|
Clemson University Tigers batting - Pitching for Washington State University Cougars : RHP Briruc Fenuku
|
|
Batting: RHB Jason Duncan
|
0-0: Called Strike 0-1: Ball 1-1: Ball 2-1: Ground out 3-1 (Groundball, 13, EV 81.2 MPH)
|
|
Batting: LHB Jonathan Watt
|
0-0: Ball 1-0: Called Strike 1-1: SINGLE (Groundball, 3D, EV 96.2 MPH)
|
|
Batting: RHB Ross Hallock
|
0-0: Ball 1-0: Called Strike 1-1: Fly out, F8 (Flyball, 8RM, EV 96.9 MPH)
|
|
Batting: LHB George Jedinak
|
0-0: Ball 1-0: Ball 2-0: Foul Ball, location: 2F 2-1: Swinging Strike 2-2: Ball 3-2: Ground out 4-3 (Groundball, 4, EV 84.4 MPH)
|
| Top of the 2nd over - 0 runs, 1 hit, 0 errors, 1 left on base; Clemson University 0 - Washington State University 0 |
| BOTTOM OF THE 2ND |
|
Washington State University Cougars batting - Pitching for Clemson University Tigers : LHP Oliver Troiano
|
|
Batting: LHB Scott Spillers
|
0-0: Called Strike 0-1: Ball 1-1: Ground out 4-3 (Groundball, 4, EV 89.4 MPH)
|
|
Batting: RHB Wil Gonzales
|
0-0: Called Strike 0-1: Swinging Strike 0-2: Ball 1-2: Foul Ball, location: 2F 1-2: Foul Ball, location: 2F 1-2: Strikes out looking
|
|
Batting: RHB Miguel Paredes
|
0-0: SINGLE (Groundball, 6S, EV 97.5 MPH)
|
|
Batting: LHB Rex Creswell
|
0-0: Called Strike 0-1: Ball 1-1: Foul Ball, location: 2F 1-2: Fly out, F8 (Line Drive, 8RD, EV 105.6 MPH)
|
| Bottom of the 2nd over - 0 runs, 1 hit, 0 errors, 1 left on base; Clemson University 0 - Washington State University 0 |
| TOP OF THE 3RD |
|
Clemson University Tigers batting - Pitching for Washington State University Cougars : RHP Briruc Fenuku
|
|
Batting: LHB Bryant Dill
|
0-0: Reached on error, E5 (Groundball, 56S, EV 83.1 MPH)
|
|
Batting: RHB Adrian Franz
|
0-0: Called Strike Bryant Dill steals 2nd base 0-1: Foul Ball, location: 2F 0-2: Fly out, F3 (Popup, 23F, EV 83.1 MPH)
|
|
Batting: LHB Steve Gates
|
0-0: Ball 1-0: Called Strike 1-1: Foul Ball, location: 2F 1-2: Ground out 4-3 (Groundball, 4, EV 91.9 MPH) Bryant Dill to third
|
|
Batting: LHB Wade Girard
|
0-0: Fly out, F9 (Flyball, 9, EV 82.5 MPH)
|
| Top of the 3rd over - 0 runs, 0 hits, 1 error, 1 left on base; Clemson University 0 - Washington State University 0 |
| BOTTOM OF THE 3RD |
|
Washington State University Cougars batting - Pitching for Clemson University Tigers : LHP Oliver Troiano
|
|
Batting: RHB Ryan Toth
|
0-0: Called Strike 0-1: Ground out 5-3 (Groundball, 56, EV 88.1 MPH)
|
|
Batting: RHB Dave DeLaMater
|
0-0: Foul Ball, location: 2F 0-1: Called Strike 0-2: Ball 1-2: SINGLE (Line Drive, 8RS, EV 98.1 MPH)
|
|
Batting: RHB Rafael Collyer
|
0-0: Ball 1-0: Ball 2-0: Fly out, F8 (Flyball, 8RXD, EV 87.5 MPH)
|
|
Batting: LHB Israel Ariza
|
0-0: Foul Ball, location: 2F 0-1: Ball 1-1: Foul Ball, location: 2F 1-2: SINGLE (Line Drive, 8LS, EV 110.6 MPH) Dave DeLaMater to second
|
|
Batting: SHB Juan Delanoval
|
0-0: Ball 1-0: DOUBLE (Line Drive, 78XD, EV 106.2 MPH) Dave DeLaMater scores Israel Ariza to third
|
|
Batting: LHB Scott Spillers
|
0-0: Ball 1-0: Ground out 6-3 (Groundball, 6, EV 86.9 MPH)
|
| Bottom of the 3rd over - 1 run, 3 hits, 0 errors, 2 left on base; Clemson University 0 - Washington State University 1 |
| TOP OF THE 4TH |
|
Clemson University Tigers batting - Pitching for Washington State University Cougars : RHP Briruc Fenuku
|
|
Batting: RHB Josh LeSage
|
0-0: Swinging Strike 0-1: Ball 1-1: Swinging Strike 1-2: Fly out, F6 (Popup, 15S, EV 90.6 MPH)
|
|
Batting: RHB Jason Duncan
|
0-0: Called Strike 0-1: Fly out, F6 (Line Drive, 56D, EV 65.6 MPH)
|
|
Batting: LHB Jonathan Watt
|
0-0: Called Strike 0-1: Ball 1-1: Ball 2-1: Ball 3-1: Swinging Strike 3-2: SINGLE (Groundball, 6MD, EV 101.9 MPH)
|
|
Batting: RHB Ross Hallock
|
0-0: Called Strike 0-1: Ball 1-1: Ball 2-1: Ball 3-1: Called Strike 3-2: Foul Ball, location: 2F 3-2: Base on Balls Jonathan Watt to second
|
|
Batting: LHB George Jedinak
|
0-0: Called Strike 0-1: Fielders Choice at 2nd, 6-4 (Groundball, 6, EV 83.8 MPH)
|
| Top of the 4th over - 0 runs, 1 hit, 0 errors, 2 left on base; Clemson University 0 - Washington State University 1 |
| BOTTOM OF THE 4TH |
|
Washington State University Cougars batting - Pitching for Clemson University Tigers : LHP Oliver Troiano
|
|
Batting: RHB Wil Gonzales
|
0-0: Called Strike 0-1: SINGLE (Groundball, 56D, EV 101.2 MPH)
|
|
Batting: RHB Miguel Paredes
|
0-0: Fly out, F7 (Flyball, 7LM, EV 89.4 MPH)
|
|
Batting: LHB Rex Creswell
|
0-0: Swinging Strike 0-1: Ball 1-1: Ball 2-1: Ball 3-1: Called Strike 3-2: Foul Ball, location: 2F 3-2: Fly out, F8 (Flyball, 8LM, EV 91.9 MPH)
|
|
Batting: RHB Ryan Toth
|
0-0: Ball 1-0: SINGLE (Line Drive, 7S, EV 102.5 MPH) Wil Gonzales to second
|
|
Batting: RHB Dave DeLaMater
|
0-0: Called Strike 0-1: Ball 1-1: Fly out, F8 (Flyball, 8LXD, EV 84.4 MPH)
|
| Bottom of the 4th over - 0 runs, 2 hits, 0 errors, 2 left on base; Clemson University 0 - Washington State University 1 |
| TOP OF THE 5TH |
|
Clemson University Tigers batting - Pitching for Washington State University Cougars : RHP Briruc Fenuku
|
|
Batting: LHB Bryant Dill
|
0-0: Called Strike 0-1: Called Strike 0-2: Strikes out swinging
|
|
Batting: RHB Adrian Franz
|
0-0: Ball 1-0: Ball 2-0: Ball 3-0: Called Strike 3-1: Foul Ball, location: 2F 3-2: SOLO HOME RUN (Flyball, 7D, EV 106.2 MPH), Distance : 400 ft
|
|
Batting: LHB Steve Gates
|
0-0: Ball 1-0: Called Strike 1-1: Foul Ball, location: 2F 1-2: Foul Ball, location: 2F 1-2: Ball 2-2: Ball 3-2: Base on Balls
|
|
Batting: LHB Wade Girard
|
0-0: Ball 1-0: Fly out, F4 (Line Drive, 4, EV 73.8 MPH)
|
|
Batting: RHB Josh LeSage
|
0-0: Ball 1-0: Swinging Strike 1-1: Ball 2-1: Foul Ball, location: 2F 2-2: Ball 3-2: Strikes out looking
|
| Top of the 5th over - 1 run, 1 hit, 0 errors, 1 left on base; Clemson University 1 - Washington State University 1 |
| BOTTOM OF THE 5TH |
|
Washington State University Cougars batting - Pitching for Clemson University Tigers : LHP Oliver Troiano
|
|
Batting: RHB Rafael Collyer
|
0-0: SINGLE (Line Drive, 4D, EV 100.6 MPH)
|
|
Batting: LHB Israel Ariza
|
0-0: Ball 1-0: Foul Ball, location: 2F 1-1: Fielders Choice at 2nd, 5-4 (Groundball, 5, EV 106.2 MPH)
|
|
Batting: SHB Juan Delanoval
|
0-0: Foul Ball, location: 2F 0-1: 2-RUN HOME RUN (Flyball, 7D, EV 98.8 MPH), Distance : 394 ft
|
|
Batting: LHB Scott Spillers
|
0-0: Ground out 5-3 (Groundball, 5S, EV 85.0 MPH)
|
|
Batting: RHB Wil Gonzales
|
0-0: Ball 1-0: Swinging Strike 1-1: Ball 2-1: Foul Ball, location: 2F 2-2: Fly out, F8 (Line Drive, 8LM, EV 87.5 MPH)
|
| Bottom of the 5th over - 2 runs, 2 hits, 0 errors, 0 left on base; Clemson University 1 - Washington State University 3 |
| TOP OF THE 6TH |
|
Clemson University Tigers batting - Pitching for Washington State University Cougars : RHP Briruc Fenuku
|
|
Pitching: RHP Jose Flores
|
|
|
Batting: RHB Jason Duncan
|
0-0: Ball 1-0: Ball 2-0: Ball 3-0: Base on Balls
|
|
Batting: LHB Jonathan Watt
|
0-0: Ball 1-0: Called Strike 1-1: Ball 2-1: Foul Ball, location: 2F 2-2: Ball 3-2: Base on Balls Jason Duncan to second
|
|
Batting: RHB Ross Hallock
|
0-0: Called Strike 0-1: Called Strike 0-2: Fielders Choice at 2nd, 1-6 (Groundball, 34S, EV 70.6 MPH) Jason Duncan to third
|
|
Batting: LHB George Jedinak
|
0-0: Called Strike 0-1: SINGLE (Line Drive, 78M, EV 99.4 MPH) Jason Duncan scores Ross Hallock to second
|
|
Batting: LHB Bryant Dill
|
0-0: Foul Ball, location: 2F 0-1: Ball 1-1: Fly out, F8 (Flyball, 8LM, EV 98.1 MPH)
|
|
Batting: RHB Adrian Franz
|
0-0: SINGLE (Line Drive, 4MD, EV 103.8 MPH) Ross Hallock to third George Jedinak to second Runner from 3rd tries for Home, SAFE, throw by CF to home
|
|
Batting: LHB Steve Gates
|
0-0: Ball 1-0: Ball 2-0: Foul Ball, location: 2F 2-1: Foul Ball, location: 2F 2-2: Ball 3-2: Strikes out swinging
|
| Top of the 6th over - 2 runs, 2 hits, 0 errors, 2 left on base; Clemson University 3 - Washington State University 3 |
| BOTTOM OF THE 6TH |
|
Washington State University Cougars batting - Pitching for Clemson University Tigers : LHP Oliver Troiano
|
|
Batting: RHB Miguel Paredes
|
0-0: Ball 1-0: Ball 2-0: Ground out 4-3 (Groundball, 4, EV 86.9 MPH)
|
|
Batting: LHB Rex Creswell
|
0-0: Foul Ball, location: 2F 0-1: Ball 1-1: Foul Ball, location: 2F 1-2: Strikes out swinging
|
|
Batting: RHB Ryan Toth
|
0-0: Foul Ball, location: 2F 0-1: Ball 1-1: Called Strike 1-2: Ground out 6-3 (Groundball, 6, EV 101.9 MPH)
|
| Bottom of the 6th over - 0 runs, 0 hits, 0 errors, 0 left on base; Clemson University 3 - Washington State University 3 |
| TOP OF THE 7TH |
|
Clemson University Tigers batting - Pitching for Washington State University Cougars : RHP Jose Flores
|
|
Pitching: LHP Scott Bradley
|
|
|
Batting: LHB Wade Girard
|
0-0: Fly out, F6 (Popup, 4MD, EV 65.0 MPH)
|
|
Pitching: RHP Lance Fisher
|
|
|
Batting: RHB Josh LeSage
|
0-0: Swinging Strike 0-1: Fly out, F9 (Flyball, 9S, EV 89.4 MPH)
|
|
Batting: RHB Jason Duncan
|
0-0: Swinging Strike 0-1: Fly out, F9 (Flyball, 9LM, EV 103.8 MPH)
|
| Top of the 7th over - 0 runs, 0 hits, 0 errors, 0 left on base; Clemson University 3 - Washington State University 3 |
| BOTTOM OF THE 7TH |
|
Washington State University Cougars batting - Pitching for Clemson University Tigers : LHP Oliver Troiano
|
|
Pitching: RHP A.J. Newman
|
|
|
Batting: RHB Dave DeLaMater
|
0-0: Called Strike 0-1: Fly out, F9 (Line Drive, 9, EV 86.2 MPH)
|
|
Batting: RHB Rafael Collyer
|
0-0: Ball 1-0: Ball 2-0: DOUBLE (Groundball, 3L, EV 103.8 MPH)
|
|
Batting: LHB Israel Ariza
|
0-0: 2-RUN HOME RUN (Flyball, 9D, EV 103.1 MPH), Distance : 399 ft
|
|
Batting: SHB Juan Delanoval
|
0-0: Ball 1-0: Swinging Strike 1-1: Ground out U3 (Groundball, 34S, EV 88.8 MPH)
|
|
Batting: LHB Scott Spillers
|
0-0: Ball 1-0: Fly out, F8 (Flyball, 8LM, EV 75.6 MPH)
|
| Bottom of the 7th over - 2 runs, 2 hits, 0 errors, 0 left on base; Clemson University 3 - Washington State University 5 |
| TOP OF THE 8TH |
|
Clemson University Tigers batting - Pitching for Washington State University Cougars : RHP Lance Fisher
|
|
Pitching: RHP Randolph Batten
|
|
|
Batting: LHB Jonathan Watt
|
0-0: Ball 1-0: Foul Ball, location: 2F 1-1: Ball 2-1: Ball 3-1: Ground out 4-3 (Groundball, 4, EV 102.5 MPH)
|
|
Pinch Hitting: LHB Mario Nunez
|
0-0: Called Strike 0-1: Ball 1-1: Ground out 3-1 (Groundball, 34, EV 105.6 MPH)
|
|
Batting: LHB George Jedinak
|
0-0: Fly out, F8 (Flyball, 8RD, EV 89.4 MPH)
|
| Top of the 8th over - 0 runs, 0 hits, 0 errors, 0 left on base; Clemson University 3 - Washington State University 5 |
| BOTTOM OF THE 8TH |
|
Washington State University Cougars batting - Pitching for Clemson University Tigers : RHP A.J. Newman
|
|
Pitching: RHP Santos Gonzales
|
|
|
Now at 1B: Mario Nunez
|
|
|
Batting: RHB Wil Gonzales
|
0-0: Ball 1-0: Swinging Strike 1-1: Ball 2-1: Ball 3-1: SINGLE (Groundball, 6MD, EV 95.6 MPH)
|
|
Batting: RHB Miguel Paredes
|
0-0: Called Strike 0-1: Ball 1-1: Sac Bunt to 23 - play at first, batter OUT! 3-4 Wil Gonzales to second
|
|
Batting: LHB Rex Creswell
|
0-0: Intentional Walk
|
|
Batting: RHB Ryan Toth
|
0-0: Fly out, F7 (Flyball, BS2, EV 102.5 MPH)
|
|
Batting: RHB Dave DeLaMater
|
0-0: Called Strike 0-1: Called Strike 0-2: Ball 1-2: Foul Ball, location: 2F 1-2: Foul Ball, location: 2F 1-2: Ball 2-2: Fly out, F8 (Flyball, 8LM, EV 96.2 MPH)
|
| Bottom of the 8th over - 0 runs, 1 hit, 0 errors, 2 left on base; Clemson University 3 - Washington State University 5 |
| TOP OF THE 9TH |
|
Clemson University Tigers batting - Pitching for Washington State University Cougars : RHP Randolph Batten
|
|
Now at 3B: Ryan Toth
|
|
|
Now in LF: David Jackson
|
|
|
Batting: LHB Bryant Dill
|
0-0: Ball 1-0: Ball 2-0: Ball 3-0: Foul Ball, location: 2F 3-1: Foul Ball, location: 2F 3-2: Strikes out swinging
|
|
Batting: RHB Adrian Franz
|
0-0: Swinging Strike 0-1: Called Strike 0-2: Strikes out swinging
|
|
Pitching: LHP Scott Purcell
|
|
|
Pinch Hitting: RHB Nick Ellis
|
0-0: Foul Ball, location: 2F 0-1: Foul Ball, location: 2F 0-2: Ball 1-2: Ball 2-2: Strikes out swinging
|
| Top of the 9th over - 0 runs, 0 hits, 0 errors, 0 left on base; Clemson University 3 - Washington State University 5 |
|